Map: White Rabbit LE

Players

SzalonyJoe - Winner!

  • Race: Protoss Protoss
  • League: Master
  • Spawn Location: 7:00

SCIInewby

  • Race: Terran Terran
  • League: Master
  • Spawn Location: 1:00

VOD

Have the link to the VOD?

Description

Time

  • Played on: Feb. 11, 2026, 3:05 p.m.
  • Length: 5:49
Show
View Real Time Build Order
Export as new Build Order

SzalonyJoe Protoss - Winner!

Build Orders: Dark Templar Rush 

Get SALT Encoding   

  12  0:00  Probe  
  13  0:15  Pylon  
  13  0:23  Probe  
  14  0:31  Probe  
  14  0:37  Gateway  
  15  0:43  Assimilator  
  15  0:45  Probe  
  16  0:55  Pylon  
  16  1:02  Probe  
  16  1:27  Probe  
  16  1:28  Cybernetics Core  
  17  1:33  Assimilator  
  17  1:35  Probe  
  18  1:40  Pylon  
  18  1:45  Probe  
  18  2:14  Twilight Council  
  18  2:16  Warp Gate  
  18  2:17  Probe  
  19  2:23  Pylon  
  19  2:25  Probe  
  20  2:45  Gateway  
  20  2:46  Probe  
  20  2:47  Gateway  
  21  3:03  Probe, Dark Shrine  
  22  3:15  Probe  
  23  3:27  Probe  
  23  3:28  Gateway  
  24  3:38  Pylon  
  24  4:19  Dark Templar  
  24  4:20  Dark Templar x2  
  24  4:23  Dark Templar  
  32  4:41  Pylon  
  32  4:42  Nexus  
  32  5:03  Stalker  
  32  5:04  Stalker x2  
  32  5:05  Stalker  
  38  5:34  Stalker x2  
  42  5:35  Dark Templar  
Show
View Real Time Build Order
Export as new Build Order

SCIInewby Terran 

Build Orders:  

Get SALT Encoding   

  12  0:01  SCV  
  13  0:21  Supply Depot  
  13  0:23  SCV  
  14  0:35  SCV  
  15  0:42  Supply Depot  
  15  0:46  Barracks  
  15  0:48  SCV  
  16  0:53  Refinery  
  16  1:27  Barracks  
  16  1:28  SCV  
  17  1:39  Marine  
  18  1:40  SCV  
  18  1:43  Engineering Bay  
  19  1:52  SCV  
  20  1:57  Barracks Tech Lab  
  20  2:10  Orbital Command  
  20  2:27  Command Center  
  20  2:29  Barracks  
  20  2:34  Combat Shield  
  20  2:42  Refinery  
  20  2:44  SCV  
  20  2:50  Marine  
  22  2:51  Marine  
  24  2:58  SCV  
  24  3:03  Terran Infantry Weapons Level 1  
  24  3:10  SCV  
  24  3:12  Marine  
  26  3:18  Barracks Tech Lab  
  27  3:22  Reaper  
  27  3:30  Marine  
  28  3:36  Engineering Bay  
  28  3:54  Reaper  
  29  3:57  Bunker  
  29  4:06  Factory  
  29  4:08  Reaper x2  
  31  4:21  SCV  
  32  4:25  Orbital Command  
  32  4:33  SCV  
  32  4:34  Bunker  
  33  4:40  Marine  
  33  4:41  Marine  
  35  4:45  SCV  
  17  5:07  SCV x2  
  16  5:19  SCV x2  
  11  5:31  SCV x2  
Tags
 
Add a new tag
Caveats
  • Supply blocks, unpowered buildings, or Contaminate may cause inaccurate times.
  • Supply counts are checked every 10 seconds.